TOP OF THE 1ST |
Niagara Falls Frenzy batting - Pitching for Birmingham Steeldogs : RHP Arthur Green
|
Pitching: RHP Arthur Green
|
|
Batting: SHB Martín De Jesús
|
0-0: Ball 1-0: Called Strike 1-1: Ball 2-1: Foul Ball, location: 2F 2-2: Ball 3-2: Strikes out swinging
|
Batting: RHB Zander Tremblett
|
0-0: Ball 1-0: Ball 2-0: Ground out 1-3 (Groundball, 13)
|
Batting: LHB Clyde Yarbrough
|
0-0: Ball 1-0: Swinging Strike 1-1: Ball 2-1: Foul Ball, location: 2F 2-2: Ball 3-2: Foul Ball, location: 2F 3-2: Foul Ball, location: 2F 3-2: Ground out U3 (Groundball, 3L)
|
Top of the 1st over - 0 run(s), 0 hit(s), 0 error(s), 0 left on base; Niagara Falls 0 - Birmingham 0 |
BOTTOM OF THE 1ST |
Birmingham Steeldogs batting - Pitching for Niagara Falls Frenzy : RHP Ed Jones
|
Pitching: RHP Ed Jones
|
|
Batting: RHB Raúl Soto
|
0-0: Ground out 6-3 (Groundball, 6M)
|
Batting: LHB José Sánchez
|
0-0: Ball 1-0: Foul Ball, location: 2F 1-1: Ball 2-1: SINGLE (Flyball, 9LS)
|
Batting: LHB Chris Miller
|
0-0: Ball 1-0: DOUBLE (Line Drive, 9LS) José Sánchez to third Runner from 3rd tries for Home, SAFE, no throw or cutoff
|
Batting: LHB Arturo Molina
|
0-0: Called Strike Chris Miller steals 3rd base 0-1: Ball 1-1: Foul Ball, location: 2F 1-2: Ball 2-2: Fly out, F9 (Flyball, 89D) Runner from 3rd tags up, SCORES, no throw
|
Batting: LHB Mitchell Oglethorpe
|
0-0: Ball 1-0: Ball 2-0: Called Strike 2-1: Ball 3-1: Base on Balls
|
Batting: RHB Jean-Paul St-Pierre
|
0-0: Foul Ball, location: 2F 0-1: Ball 1-1: Ground out 6-3 (Groundball, 6)
|
Bottom of the 1st over - 2 run(s), 2 hit(s), 0 error(s), 1 left on base; Niagara Falls 0 - Birmingham 2 |
TOP OF THE 2ND |
Niagara Falls Frenzy batting - Pitching for Birmingham Steeldogs : RHP Arthur Green
|
Batting: LHB Dante Owens
|
0-0: Ball 1-0: Foul Ball, location: 2F 1-1: Ball 2-1: Foul Ball, location: 2F 2-2: Foul Ball, location: 2F 2-2: Ground out 4-3 (Groundball, 13)
|
Batting: RHB Lawrence Schroeder
|
0-0: Ball 1-0: Fly out, F9 (Flyball, 9S)
|
Batting: LHB Bill Hall
|
0-0: Ball 1-0: Foul Ball, location: 2F 1-1: Foul Ball, location: 2F 1-2: Ball 2-2: Ground out 4-3 (Groundball, 4)
|
Top of the 2nd over - 0 run(s), 0 hit(s), 0 error(s), 0 left on base; Niagara Falls 0 - Birmingham 2 |
BOTTOM OF THE 2ND |
Birmingham Steeldogs batting - Pitching for Niagara Falls Frenzy : RHP Ed Jones
|
Batting: RHB Carlos García
|
0-0: Swinging Strike 0-1: Foul Ball, location: 2F 0-2: Ball 1-2: Ball 2-2: Strikes out swinging
|
Batting: RHB Lorenzo Martínez
|
0-0: Foul Ball, location: 2F 0-1: Foul Ball, location: 2F 0-2: Fly out, F6 (Popup, 6D)
|
Batting: LHB José Martínez
|
0-0: Ball 1-0: SINGLE (Line Drive, 4M)
|
Batting: RHB Raúl Soto
|
0-0: Ball 1-0: Ball 2-0: Called Strike 2-1: Ground out 2-3 (Groundball, 2R)
|
Bottom of the 2nd over - 0 run(s), 1 hit(s), 0 error(s), 1 left on base; Niagara Falls 0 - Birmingham 2 |
TOP OF THE 3RD |
Niagara Falls Frenzy batting - Pitching for Birmingham Steeldogs : RHP Arthur Green
|
Batting: RHB Keitaro Suzuki
|
0-0: Ground out 5-3 (Groundball, 56)
|
Batting: RHB Jung-ha Kim
|
0-0: Ball 1-0: Foul Ball, location: 2F 1-1: Foul Ball, location: 2F 1-2: Strikes out swinging
|
Batting: RHB Hidetada Kichida
|
0-0: Ball 1-0: Ball 2-0: Called Strike 2-1: Ball 3-1: Base on Balls
|
Batting: SHB Martín De Jesús
|
0-0: Ball 1-0: Called Strike 1-1: Ball 2-1: Ball 3-1: Fly out, F7 (Flyball, 7LM)
|
Top of the 3rd over - 0 run(s), 0 hit(s), 0 error(s), 1 left on base; Niagara Falls 0 - Birmingham 2 |
BOTTOM OF THE 3RD |
Birmingham Steeldogs batting - Pitching for Niagara Falls Frenzy : RHP Ed Jones
|
Batting: LHB José Sánchez
|
0-0: Ball 1-0: Fly out, F6 (Popup, 6M)
|
Batting: LHB Chris Miller
|
0-0: Foul Ball, location: 2F 0-1: Ball 1-1: Swinging Strike 1-2: Ball 2-2: Ball 3-2: Foul Ball, location: 2F 3-2: DOUBLE (Line Drive, 78D)
|
Batting: LHB Arturo Molina
|
0-0: SINGLE (Line Drive, 4D) Chris Miller to third Runner from 3rd tries for Home, SAFE, throw made home
|
Batting: LHB Mitchell Oglethorpe
|
0-0: Swinging Strike 0-1: Swinging Strike 0-2: Strikes out swinging
|
Batting: RHB Jean-Paul St-Pierre
|
0-0: Foul Ball, location: 2F 0-1: Foul Ball, location: 2F 0-2: SINGLE (Groundball, 4MD) Arturo Molina to second
|
Batting: RHB Carlos García
|
0-0: Ball 1-0: Ground out 5-3 (Groundball, 5S)
|
Bottom of the 3rd over - 1 run(s), 3 hit(s), 0 error(s), 2 left on base; Niagara Falls 0 - Birmingham 3 |
TOP OF THE 4TH |
Niagara Falls Frenzy batting - Pitching for Birmingham Steeldogs : RHP Arthur Green
|
Batting: RHB Zander Tremblett
|
0-0: Swinging Strike 0-1: Ground out 5-3 (Groundball, 5S)
|
Batting: LHB Clyde Yarbrough
|
0-0: Ball 1-0: Swinging Strike 1-1: SINGLE (Groundball, 4MD)
|
Pitching: RHP Michel Dallaire
|
|
Batting: LHB Dante Owens
|
0-0: Ball 1-0: Ball 2-0: Swinging Strike 2-1: Foul Ball, location: 2F 2-2: Ball 3-2: Base on Balls Clyde Yarbrough to second
|
Batting: RHB Lawrence Schroeder
|
0-0: Ball 1-0: Ball 2-0: Ball 3-0: Base on Balls Clyde Yarbrough to third Dante Owens to second
|
Batting: LHB Bill Hall
|
0-0: Ball 1-0: Ball 2-0: Foul Ball, location: 2F 2-1: Foul Ball, location: 2F 2-2: Foul Ball, location: 2F 2-2: Fly out, F9 (Flyball, 9M) Throwing error, E9 Clyde Yarbrough scores Dante Owens to third Lawrence Schroeder to second
|
Batting: RHB Keitaro Suzuki
|
0-0: Ball 1-0: Called Strike 1-1: Ball 2-1: Ball 3-1: Foul Ball, location: 2F 3-2: Foul Ball, location: 2F 3-2: Foul Ball, location: 2F 3-2: Foul Ball, location: 2F 3-2: Base on Balls
|
Batting: RHB Jung-ha Kim
|
0-0: Called Strike 0-1: Ball 1-1: Swinging Strike 1-2: Strikes out looking
|
Top of the 4th over - 1 run(s), 1 hit(s), 1 error(s), 3 left on base; Niagara Falls 1 - Birmingham 3 |
BOTTOM OF THE 4TH |
Birmingham Steeldogs batting - Pitching for Niagara Falls Frenzy : RHP Ed Jones
|
Batting: RHB Lorenzo Martínez
|
0-0: Swinging Strike 0-1: Foul Ball, location: 2F 0-2: Ball 1-2: Ball 2-2: Ball 3-2: Strikes out looking
|
Batting: LHB José Martínez
|
0-0: SINGLE (Flyball, 7S) - OUT at second base trying to stretch hit.
|
Batting: RHB Raúl Soto
|
0-0: Swinging Strike 0-1: Fly out, F8 (Flyball, 8LD)
|
Bottom of the 4th over - 0 run(s), 1 hit(s), 0 error(s), 0 left on base; Niagara Falls 1 - Birmingham 3 |
TOP OF THE 5TH |
Niagara Falls Frenzy batting - Pitching for Birmingham Steeldogs : RHP Michel Dallaire
|
Batting: RHB Hidetada Kichida
|
0-0: SINGLE (Groundball, 6S)
|
Batting: SHB Martín De Jesús
|
0-0: Foul Ball, location: 2F 0-1: Ball 1-1: Called Strike 1-2: Strikes out swinging
|
Batting: RHB Zander Tremblett
|
0-0: Called Strike 0-1: Ball 1-1: Swinging Strike 1-2: Strikes out swinging
|
Batting: LHB Clyde Yarbrough
|
0-0: Ball 1-0: Ball 2-0: Ball 3-0: Called Strike 3-1: Base on Balls Hidetada Kichida to second
|
Pitching: RHP Pat Lee
|
|
Batting: LHB Dante Owens
|
0-0: Ball 1-0: Ball 2-0: Swinging Strike 2-1: Ball Passed Ball! Hidetada Kichida to third Clyde Yarbrough to second 3-1: Base on Balls
|
Batting: RHB Lawrence Schroeder
|
0-0: Ball 1-0: Ball 2-0: Called Strike 2-1: Swinging Strike 2-2: Foul Ball, location: 2F 2-2: Strikes out swinging
|
Top of the 5th over - 0 run(s), 1 hit(s), 0 error(s), 3 left on base; Niagara Falls 1 - Birmingham 3 |
BOTTOM OF THE 5TH |
Birmingham Steeldogs batting - Pitching for Niagara Falls Frenzy : RHP Ed Jones
|
Batting: LHB José Sánchez
|
0-0: Ground out 6-3 (Groundball, 6M)
|
Batting: LHB Chris Miller
|
0-0: Called Strike 0-1: Ball 1-1: Ball 2-1: Ball 3-1: Foul Ball, location: 2F 3-2: Fly out, F7 (Flyball, 7S)
|
Batting: LHB Arturo Molina
|
0-0: Ball 1-0: Swinging Strike 1-1: Ball 2-1: Fly out, F5 (Popup, 5DF)
|
Bottom of the 5th over - 0 run(s), 0 hit(s), 0 error(s), 0 left on base; Niagara Falls 1 - Birmingham 3 |
TOP OF THE 6TH |
Niagara Falls Frenzy batting - Pitching for Birmingham Steeldogs : RHP Pat Lee
|
Batting: LHB Bill Hall
|
0-0: Ball 1-0: SINGLE (Groundball, 4M)
|
Batting: RHB Keitaro Suzuki
|
0-0: Ball 1-0: Foul Ball, location: 2F 1-1: Foul Ball, location: 2F 1-2: Strikes out swinging
|
Batting: RHB Jung-ha Kim
|
0-0: Ball 1-0: Called Strike 1-1: Foul Ball, location: 2F 1-2: Strikes out swinging
|
Batting: RHB Hidetada Kichida
|
0-0: Ball 1-0: Called Strike 1-1: Foul Ball, location: 2F 1-2: Strikes out swinging
|
Top of the 6th over - 0 run(s), 1 hit(s), 0 error(s), 1 left on base; Niagara Falls 1 - Birmingham 3 |
BOTTOM OF THE 6TH |
Birmingham Steeldogs batting - Pitching for Niagara Falls Frenzy : RHP Ed Jones
|
Batting: LHB Mitchell Oglethorpe
|
0-0: Called Strike 0-1: Ball 1-1: Ball 2-1: Ball 3-1: DOUBLE (Flyball, 8LXD)
|
Batting: RHB Jean-Paul St-Pierre
|
0-0: Ball 1-0: Ground out 5-3 (Groundball, 5)
|
Batting: RHB Carlos García
|
0-0: Ball 1-0: Called Strike 1-1: Foul Ball, location: 2F 1-2: Ball 2-2: Ground out 4-3 (Groundball, 4M) Mitchell Oglethorpe to third
|
Batting: RHB Lorenzo Martínez
|
0-0: Called Strike 0-1: Called Strike 0-2: Ground out 5-3 (Groundball, 56)
|
Bottom of the 6th over - 0 run(s), 1 hit(s), 0 error(s), 1 left on base; Niagara Falls 1 - Birmingham 3 |
TOP OF THE 7TH |
Niagara Falls Frenzy batting - Pitching for Birmingham Steeldogs : RHP Pat Lee
|
Batting: SHB Martín De Jesús
|
0-0: Foul Ball, location: 2F 0-1: Called Strike 0-2: Fly out, F9 (Flyball, 89D)
|
Batting: RHB Zander Tremblett
|
0-0: Called Strike 0-1: Fly out, F9 (Flyball, 9D)
|
Batting: LHB Clyde Yarbrough
|
0-0: Ground out U3 (Groundball, 3)
|
Top of the 7th over - 0 run(s), 0 hit(s), 0 error(s), 0 left on base; Niagara Falls 1 - Birmingham 3 |
BOTTOM OF THE 7TH |
Birmingham Steeldogs batting - Pitching for Niagara Falls Frenzy : RHP Ed Jones
|
Batting: LHB José Martínez
|
0-0: Called Strike 0-1: Swinging Strike 0-2: Foul Ball, location: 2F 0-2: Ball 1-2: Ball 2-2: Foul Ball, location: 2F 2-2: Ball 3-2: Strikes out swinging
|
Batting: RHB Raúl Soto
|
0-0: Fly out, F9 (Flyball, 9S)
|
Batting: LHB José Sánchez
|
0-0: Called Strike 0-1: Ground out U3 (Groundball, 3S)
|
Bottom of the 7th over - 0 run(s), 0 hit(s), 0 error(s), 0 left on base; Niagara Falls 1 - Birmingham 3 |
TOP OF THE 8TH |
Niagara Falls Frenzy batting - Pitching for Birmingham Steeldogs : RHP Pat Lee
|
Batting: LHB Dante Owens
|
0-0: Ball 1-0: Ball 2-0: SINGLE (Flyball, 7S)
|
Batting: RHB Lawrence Schroeder
|
0-0: Foul Ball, location: 2F 0-1: Ball 1-1: Ball 2-1: Swinging Strike 2-2: Foul Ball, location: 2F 2-2: Foul Ball, location: 2F 2-2: Strikes out swinging
|
Pitching: RHP José Ruíz
|
|
Batting: LHB Bill Hall
|
0-0: Swinging Strike 0-1: Ball 1-1: Called Strike 1-2: Ball 2-2: Foul Ball, location: 2F 2-2: Fly out, F8 (Popup, 6MD)
|
Batting: RHB Keitaro Suzuki
|
0-0: Ball 1-0: Foul Ball, location: 2F 1-1: Fly out, F3 (Popup, 34)
|
Top of the 8th over - 0 run(s), 1 hit(s), 0 error(s), 1 left on base; Niagara Falls 1 - Birmingham 3 |
BOTTOM OF THE 8TH |
Birmingham Steeldogs batting - Pitching for Niagara Falls Frenzy : RHP Ed Jones
|
Pitching: RHP Kimitada Takai
|
|
Batting: LHB Chris Miller
|
0-0: Called Strike 0-1: Ball 1-1: Ground out 6-3 (Groundball, 6M)
|
Batting: LHB Arturo Molina
|
0-0: Ground out 4-3 (Groundball, 4)
|
Batting: LHB Mitchell Oglethorpe
|
0-0: Called Strike 0-1: DOUBLE (Flyball, 7LM)
|
Batting: RHB Jean-Paul St-Pierre
|
0-0: Ball 1-0: Called Strike 1-1: Ball 2-1: Fly out, F9 (Flyball, 89M)
|
Bottom of the 8th over - 0 run(s), 1 hit(s), 0 error(s), 1 left on base; Niagara Falls 1 - Birmingham 3 |
TOP OF THE 9TH |
Niagara Falls Frenzy batting - Pitching for Birmingham Steeldogs : RHP José Ruíz
|
Batting: RHB Jung-ha Kim
|
0-0: Fly out, F7 (Flyball, 78D)
|
Batting: RHB Hidetada Kichida
|
0-0: Called Strike 0-1: Ball 1-1: Ball 2-1: Ball 3-1: Ground out 4-3 (Groundball, 4)
|
Batting: SHB Martín De Jesús
|
0-0: Called Strike 0-1: Fly out, F8 (Flyball, 8RXD)
|
Top of the 9th over - 0 run(s), 0 hit(s), 0 error(s), 0 left on base; Niagara Falls 1 - Birmingham 3 |
|